Map: Apotheosis LE

Players

Lilbow

  • Race: Protoss Protoss
  • League: Master

LiquidSnute (Snute) - Winner!

  • Race: Zerg Zerg

Event: DreamHack ZOWIE Open Valencia 2016

VOD

https://www.youtube.com/watch?v=O4ziHNaCG6A

Description

Time

  • Played on: July 15, 2016, 12:50 p.m.
  • Length: 12:02

All games in this series

Show
View Real Time Build Order
Export as new Build Order

Lilbow Protoss 

Build Orders:  

Get SALT Encoding   

  12  0:01  Probe (Chrono Boost)  
  13  0:11  Probe (Chrono Boost)  
  14  0:21  Pylon  
  14  0:22  Probe (Chrono Boost)  
  15  0:39  Probe (Chrono Boost), Gateway  
  16  0:49  Probe (Chrono Boost)  
  17  0:51  Assimilator  
  17  1:00  Probe (Chrono Boost)  
  18  1:10  Probe (Chrono Boost)  
  19  1:21  Probe (Chrono Boost)  
  19  1:24  Zealot  
  20  1:29  Cybernetics Core  
  20  1:31  Pylon  
  22  1:34  Probe (Chrono Boost)  
  23  1:49  Zealot  
  23  1:51  Probe (Chrono Boost)  
  26  2:06  Mothership Core (Chrono Boost)  
  28  2:12  Nexus  
  28  2:15  Assimilator  
  28  2:17  Warp Gate  
  27  2:24  Probe (Chrono Boost)  
  27  2:27  Adept  
  30  2:35  Probe (Chrono Boost)  
  31  2:45  Pylon  
  31  3:04  Twilight Council, Probe (Chrono Boost)  
  32  3:15  Probe (Chrono Boost)  
  32  3:17  Adept  
  35  3:23  Gateway x2  
  35  3:25  Probe (Chrono Boost)  
  36  3:34  Probe (Chrono Boost), Resonating Glaives  
  37  3:42  Probe (Chrono Boost)  
  37  3:44  Stalker  
  40  3:51  Probe (Chrono Boost)  
  40  3:53  Probe (Chrono Boost)  
  42  3:59  Pylon  
  42  4:01  Probe (Chrono Boost)  
  43  4:03  Probe (Chrono Boost)  
  44  4:12  Probe (Chrono Boost)  
  44  4:14  Probe (Chrono Boost)  
  46  4:20  Adept x2  
  46  4:22  Adept, Probe (Chrono Boost)  
  53  4:25  Probe (Chrono Boost)  
  54  4:32  Pylon  
  54  4:33  Probe (Chrono Boost)  
  54  4:37  Probe (Chrono Boost)  
  56  4:42  Stalker  
  56  4:43  Probe (Chrono Boost)  
  59  4:48  Pylon  
  59  4:49  Adept  
  61  5:00  Probe (Chrono Boost)  
  61  5:02  Probe (Chrono Boost)  
  63  5:09  Blink  
  63  5:10  Nexus  
  63  5:11  Probe (Chrono Boost)  
  65  5:16  Probe (Chrono Boost)  
  64  5:21  Probe (Chrono Boost)  
  64  5:23  Adept x3  
  64  5:28  Probe (Chrono Boost)  
  67  5:30  Forge  
  67  5:37  Probe (Chrono Boost)  
  67  5:40  Pylon, Probe (Chrono Boost)  
  61  5:44  Assimilator  
  61  5:47  Probe (Chrono Boost), Assimilator  
  62  5:51  Sentry x3  
  62  5:52  Probe (Chrono Boost)  
  62  5:53  Protoss Ground Weapons Level 1  
  69  5:58  Probe (Chrono Boost)  
  70  6:07  Probe (Chrono Boost)  
  70  6:08  Pylon  
  71  6:12  Probe (Chrono Boost)  
  71  6:13  Robotics Facility  
  73  6:19  Probe (Chrono Boost)  
  73  6:21  Gateway  
  73  6:22  Probe (Chrono Boost), Gateway  
  73  6:24  Probe (Chrono Boost)  
  75  6:28  Stalker  
  75  6:31  Probe (Chrono Boost)  
  79  6:33  Probe (Chrono Boost)  
  79  6:35  Probe (Chrono Boost)  
  80  6:43  Probe (Chrono Boost)  
  80  6:45  Probe (Chrono Boost), Assimilator, Gateway  
  80  6:46  Gateway  
  82  6:47  Sentry x2  
  82  6:51  Gateway  
  86  6:56  Stalker  
  86  6:57  Warp Prism  
  88  7:11  Stalker x2  
  88  7:13  Gateway  
  92  7:24  Stalker x3  
  92  7:27  Pylon  
  92  7:29  Pylon  
  98  7:31  Observer  
  99  7:41  Stalker  
  99  7:42  Stalker x3  
  107  7:45  Pylon  
  107  7:47  Pylon  
  107  8:00  Stalker x4  
  107  8:01  Assimilator  
  115  8:18  Stalker x4  
  121  8:33  Observer  
  116  8:43  Stalker x5  
  116  8:44  Stalker  
  126  8:49  Pylon  
  126  8:51  Observer  
  126  8:55  Sentry x2  
  131  9:14  Stalker x5  
  131  9:15  Stalker x2  
  145  9:18  Pylon  
  145  9:35  Stalker x2  
  145  9:39  Stalker  
  145  9:40  Stalker x4  
  155  9:54  Nexus  
  155  9:56  Assimilator  
  155  9:58  Assimilator  
  155  10:16  Stalker x4  
  155  10:17  Stalker x4  
  121  10:44  Stalker x3  
  121  10:45  Stalker x5  
  133  10:50  Stalker  
  135  11:00  Pylon  
  135  11:01  Probe x3 (Chrono Boost)  
  134  11:11  Zealot x5  
  134  11:12  Zealot x3  
  121  11:33  Stalker x2  
  121  11:34  Stalker x7  
Show
View Real Time Build Order
Export as new Build Order

LiquidSnute Zerg - Winner!

Build Orders: Pool First, Lurkers 

Get SALT Encoding   

  12  0:00  Drone  
  13  0:08  Drone  
  14  0:18  Extractor  
  14  0:19  Drone  
  14  0:32  Spawning Pool  
  14  0:35  Drone  
  14  0:42  Drone, Extractor  
  15  0:50  Overlord  
  15  1:19  Metabolic Boost, Queen  
  15  1:20  Zergling x2  
  15  1:21  Zergling x2  
  15  1:25  Zergling x2  
  20  1:31  Zergling x2  
  21  1:41  Zergling x2  
  22  1:52  Overlord  
  22  2:05  Hatchery  
  22  2:07  Drone  
  22  2:15  Drone  
  23  2:27  Evolution Chamber, Drone x2  
  23  2:28  Drone  
  25  2:32  Drone  
  25  2:58  Hatchery  
  25  3:00  Drone  
  25  3:03  Drone  
  26  3:06  Drone  
  26  3:11  Drone  
  28  3:14  Drone  
  28  3:18  Drone  
  28  3:19  Drone  
  31  3:26  Drone  
  32  3:30  Overlord  
  32  3:38  Drone x2  
  32  3:39  Drone  
  33  3:42  Drone x3  
  36  3:49  Drone  
  36  3:51  Drone  
  38  3:59  Queen  
  38  4:00  Extractor  
  38  4:01  Drone, Roach Warren  
  40  4:02  Drone  
  41  4:10  Drone x2  
  41  4:11  Drone  
  41  4:14  Drone x2  
  41  4:15  Drone  
  46  4:21  Overlord  
  46  4:22  Overlord  
  46  4:25  Lair  
  46  4:27  Overlord  
  46  4:34  Zergling x2  
  46  4:35  Zergling x4  
  49  4:42  Roach  
  49  4:44  Roach x2  
  54  4:46  Queen  
  54  4:48  Roach x2  
  54  4:51  Overlord  
  60  4:56  Roach x2  
  63  5:02  Roach  
  65  5:07  Overlord  
  60  5:14  Overlord  
  60  5:15  Zergling x8  
  61  5:23  Drone x4  
  61  5:26  Glial Reconstitution  
  62  5:37  Drone x5  
  62  5:39  Drone  
  65  5:44  Drone, Spore Crawler  
  65  5:48  Drone x2  
  67  5:52  Zerg Missile Weapons Level 1  
  67  5:54  Drone x2  
  69  5:59  Drone x4  
  69  6:00  Drone  
  69  6:01  Overseer  
  74  6:04  Drone x2  
  74  6:06  Drone  
  74  6:10  Drone  
  78  6:13  Drone  
  78  6:14  Extractor  
  78  6:16  Drone, Extractor  
  78  6:18  Extractor x2  
  78  6:20  Drone x3, Hydralisk Den  
  78  6:22  Drone x2  
  78  6:24  Queen  
  82  6:27  Drone  
  82  6:28  Drone x2  
  85  6:42  Drone  
  85  6:43  Drone  
  85  6:44  Roach  
  85  6:46  Overlord x3  
  89  6:47  Overlord  
  89  6:48  Lurker Den  
  89  7:01  Hatchery  
  89  7:07  Roach x3  
  89  7:08  Roach x4  
  100  7:09  Roach x2  
  100  7:12  Overlord x2  
  106  7:17  Drone x2  
  108  7:25  Ravager x2  
  108  7:26  Ravager x4, Overlord  
  108  7:27  Overlord x2  
  114  7:36  Hydralisk x2  
  114  7:37  Hydralisk  
  114  7:39  Zergling x14  
  114  7:41  Overlord  
  127  7:47  Ravager x2  
  127  7:50  Zergling x2  
  127  7:51  Zergling x8  
  134  7:57  Spine Crawler  
  133  8:00  Zergling x8  
  137  8:06  Ravager x2  
  137  8:14  Lurker x2  
  137  8:15  Lurker  
  137  8:19  Hatchery  
  138  8:24  Drone x6  
  138  8:25  Drone x2  
  144  8:40  Zergling x2  
  144  8:41  Zergling x20  
  149  8:45  Zerg Missile Weapons Level 2  
  149  8:46  Extractor  
  149  8:48  Extractor  
  145  8:49  Spire  
  145  8:53  Zergling x4  
  145  8:54  Zergling x6  
  145  8:55  Drone x3  
  151  8:56  Drone  
  152  9:05  Overlord x3  
  151  9:12  Spore Crawler  
  149  9:19  Hydralisk x4  
  149  9:21  Overlord x3  
  149  9:22  Zergling x2  
  149  9:23  Zergling x6  
  161  9:30  Spore Crawler  
  157  9:42  Muscular Augments  
  157  9:46  Zergling x22  
  157  9:47  Zergling x2  
  169  9:55  Lurker x4  
  159  10:19  Zergling x16  
  159  10:20  Zergling x20  
  166  10:24  Drone x4  
  166  10:26  Zergling x4  
  165  10:32  Zergling x8  
  152  10:45  Mutalisk x5  
  152  10:46  Mutalisk x3  
  165  10:53  Extractor  
  165  10:55  Extractor  
  163  10:57  Mutalisk x3  
  163  10:58  Mutalisk x2  
  162  11:22  Mutalisk x10  
  171  11:31  Zergling x2  
  171  11:32  Zergling x12  
  162  11:42  Drone x2  
  162  11:45  Drone  
  162  11:46  Drone  

Tags
 
Add a new tag
Caveats
  • Supply blocks, unpowered buildings, or Contaminate may cause inaccurate times.
  • Supply counts are checked every 10 seconds.